 Dungeon Crawl Stone Soup version 0.28-a0-409-g6a72785379 (webtiles) character file.

Game seed: 6602964565882932424

79 Kala the Grave Robber (level 4, -1/30 HPs)
             Began as a Mummy Necromancer on Sept 6, 2021.
             Killed from afar by a white imp (3 damage)
             ... with a puff of frost
             ... on level 3 of the Dungeon.
             The game lasted 00:12:23 (2968 turns).

Kala the Grave Robber (Mummy Necromancer)           Turns: 2968, Time: 00:12:24

Health: -1/30      AC:  4    Str: 11    XL:     4   Next: 17%
Magic:  9/9        EV: 12    Int: 15    God:
Gold:   103        SH:  0    Dex: 12    Spells: 8/10 levels left

rFire   x . .      SeeInvis .   f - staff of earth
rCold   + . .      Faith    .   (no shield)
rNeg    + + +      Spirit   .   a - +0 robe
rPois   ∞          Reflect  .   e - +1 helmet
rElec   .          Harm     .   (no cloak)
rCorr   .          Rampage  .   (no gloves)
Will    .....                   (no boots)
Stlth   ++........              (no amulet)
HPRegen 0.10/turn               (no ring)
MPRegen 0.11/turn               (no ring)

@: no status effects
A: cold resistance 1, negative energy resistance 3, torment resistance 2, heat
vulnerability 1, no potions
a: no special abilities


You were on level 3 of the Dungeon.
You visited 2 branches of the dungeon, and saw 5 of its levels.

You collected 103 gold pieces.

Inventory:

Armour
 a - a +0 robe (worn)
 e - a +1 helmet (worn)
Magical Staves
 f - a staff of earth (weapon)
Scrolls
 b - a scroll of vulnerability {unknown}
 c - a scroll of teleportation {unknown}
 d - a scroll of noise {unknown}
 g - a scroll of torment {unknown}
 h - a scroll of identify {unknown}
 i - a scroll of enchant armour {unknown}
 j - a scroll of blinking {unknown}
 k - a scroll of enchant weapon {unknown}


   Skills:
 + Level 1.9 Dodging
 - Level 2.0 Stealth
 + Level 1.0 Shields
 * Level 3.7 Spellcasting
 * Level 4.6 Necromancy


You had 8 spell levels left.
You knew the following spells:

 Your Spells              Type           Power      Damage    Failure   Level
a - Pain                  Necr           64%        1d7       2%          1
b - Animate Skeleton      Necr           32%        N/A       2%          1

Your spell library contained the following spells:

 Spells                   Type           Power      Damage    Failure   Level
 Vampiric Draining        Necr           8%         2d7       9%          3
 Apportation              Tloc           4%         N/A       19%         1
 Foxfire                  Conj/Fire      8%         2x1d4     19%         1
 Animate Dead             Necr           8%         N/A       28%         4
 Conjure Flame            Conj/Fire      2%         6-21      50%         3
 Inner Flame              Hex/Fire       2%         N/A       50%         3
 Tukima's Dance           Hex            2%         N/A       50%         3
 Agony                    Necr           16%        N/A       61%         5
 Flame Wave               Conj/Fire      2%         3d3       88%         4
 Passage of Golubria      Tloc           N/A        N/A       88%         4
 Alistair's Intoxication  Tmut/Pois      1%         N/A       99%         5
 Yara's Violent Unravell  Hex/Tmut       1%         3d3       99%         5
 Invisibility             Hex            1%         N/A       100%        6


Dungeon Overview and Level Annotations

Branches:
Dungeon (4/15)             Temple (1/1) D:4

Altars:
Ashenzari
Dithmenos
Gozag
Makhleb
Qazlal
Uskayaw
Xom
Yredelemnul
Zin
The Shining One

Shops:
D:1 !

Annotations:
D:2 1 runed translucent door, Crazy Yiuf


Innate Abilities, Weirdness & Mutations

You are immune to poison.
Your flesh is cold resistant. (rC+)
You are immune to negative energy. (rN+++)
You are immune to unholy pain and torment.
You are vulnerable to heat. (rF-)
You do not drink.


Message History

You barely miss the white imp.
The white imp is lightly wounded.
The white imp hits you. The white imp freezes you. You resist.
Your adder skeleton barely misses the white imp.
You hit the white imp.
The white imp is lightly wounded.
Your adder skeleton misses the white imp.
The white imp hits you but does no damage.
Your adder skeleton closely misses the white imp.
The white imp hits you.
* * * LOW HITPOINT WARNING * * *
The white imp freezes you. You resist.
* * * LOW HITPOINT WARNING * * *
Aiming: Pain (safe; 2% risk of failure)
Press: ? - help, Q - select action, (/) - cycle Shift-Dir - straight line, f - white imp
Aim: a white imp (lightly wounded, ally target, not susceptible)
The white imp is unaffected.
Your adder skeleton bites the white imp.
The white imp barely misses you.
You hit the white imp.
The white imp is heavily wounded.
Your adder skeleton misses the white imp.
The white imp hits you.
* * * LOW HITPOINT WARNING * * *
The white imp freezes you. You resist.
* * * LOW HITPOINT WARNING * * *
Your adder skeleton misses the white imp.
The white imp gestures at you. The puff of frost misses you.
Your adder skeleton bites the white imp but does no damage.
The white imp gestures at you. The puff of frost hits you. You resist.
* * * LOW HITPOINT WARNING * * *
Your adder skeleton barely misses the white imp.
You see here 22 bolts.
Your adder skeleton closely misses the white imp.
The white imp laughs crazily.
The white imp gestures at you. The puff of frost hits you. You resist.
You die...

#.)......#...>..................
#...............###............Z
#..........................(.#..
####.....<..................###.
#..)...............###..Z#####
#.#...........###..# ##....# #
#.#..........##.5Z.###5.####
................##...#.#######
#.#.........<@..####...#[...## .
................###.......##
.#(........#...#.............
...........#####........
...........# #..........
...............#...>...#
.......###..........#... #######
..##..#..##### #..#...


You could see a white imp (ally target) and a friendly adder skeleton.

Vanquished Creatures
  2 adders
  A worm (D:2)
  2 dart slugs
  4 ball pythons
  5 bats
  5 endoplasms
  A giant cockroach (D:2)
  3 goblins
  4 hobgoblins
  7 jackals
  2 quokkas
  5 frilled lizards
  2 kobolds
  5 rats
48 creatures vanquished.

Vanquished Creatures (collateral kills)
  An endoplasm (D:3)
  A goblin (D:1)
2 creatures vanquished.

Grand Total: 50 creatures vanquished

Notes
Turn   | Place    | Note
-------+----------+-------------------------------------------
     0 | D:1      | Kala the Mummy Necromancer began the quest for the Orb.
     0 | D:1      | Reached XP level 1. HP: 13/13 MP: 4/4
   152 | D:1      | Learned a level 1 spell: Animate Skeleton
   233 | D:1      | Reached XP level 2. HP: 19/19 MP: 0/5
   478 | D:1      | Found Mosmaz's Distillery.
   923 | D:1      | Found a faded altar of an unknown god.
  1320 | D:2      | Reached XP level 3. HP: 24/24 MP: 3/7
  1928 | D:2      | Found a runed translucent door.
  1933 | D:2      | Noticed Crazy Yiuf
  2292 | D:2      | You fall into a shaft and drop 2 floors!
  2292 | D:4      | Found a staircase to the Ecumenical Temple.
  2300 | Temple   | Entered the Ecumenical Temple
  2820 | D:3      | Reached XP level 4. HP: 30/30 MP: 5/9
  2872 | D:3      | Reached skill level 1 in Shields
  2947 | D:3      | HP: 1/30 [white imp (2)]
  2953 | D:3      | HP: 1/30 [white imp/puff of frost (1)]
  2968 | D:3      | Killed from afar by a white imp

Illustrated notes

Levels and vault maps discovered:
D:1:      ncdulo_smallfort, layout_basic, serial_shops, shop,
          basic_ecumenical_altar
D:2:      layout_loops_ring, basic_altar, st_stairs_2, kennysheep_crisscross,
          uniq_crazy_yiuf_cottage
D:3:      layout_rooms, lemuel_round_altar, uniq_natasha
D:4:      layout_loops_corners, minmay_temple_entry_waves, uniq_edmund,
          uniq_eustachio, uniq_robin
Temple:   jpeg_temple_island

Skill      XL: |  1  2  3  4 |
---------------+-------------+-----
Spellcasting   | 3 |  3.7
Stealth        | 2 |  2.0
Shields        | 1 |  1.0
Dodging        | |  1.9
Necromancy     | |  4.6

Action                   |  1- 3 |  4- 6 || total
-------------------------+-------+-------++-------
Melee: Staff             |     1 |     4 ||     5
       Unarmed           |     1 |       ||     1
 Cast: Pain              |   106 |     4 ||   110
       Animate Skeleton  |     9 |     2 ||    11
Armor: Robe              |    11 |     3 ||    14
Dodge: Dodged            |    16 |     2 ||    18

Table legend: (Time is in decaauts)
 A = Elapsed time spent in this place.
 B = Non-inter-level travel time spent in this place.
 C = Inter-level travel time spent in this place.
 D = Time resting spent in this place.
 E = Time spent auto-exploring this place.
 F = Levels seen in this place.
 G = Mean time per level.
                   A        B        C        D        E       F      G
               +--------+--------+--------+--------+--------+-----+--------+
         Total |   3016 |   2963 |     53 |     45 |   2399 |   5 |  603.2 |
       Dungeon |   2732 |   2696 |     36 |     45 |   2138 |   4 |  683.0 |
        Temple |    284 |    267 |     17 |      0 |    261 |   1 |  284.0 |
               +--------+--------+--------+--------+--------+-----+--------+

Top non-repeatable levels by time:
     D:1: 1315 daAuts
     D:2: 1199 daAuts
  Temple: 284 daAuts
     D:3: 187 daAuts
     D:4: 30 daAuts
